 Dungeon Crawl Stone Soup version 0.27-a0-1281-ge233d83751 (webtiles) character file.

Game seed: 15585459706837795472

457942 freelancePsychic the Earth Mage (level 23, -10/178 HPs)
             Began as a Demonspawn Gladiator on June 13, 2021.
             Was the Champion of Cheibriados.
             Killed from afar by Margery (28 damage)
             ... with a fireball
             ... on level 1 of the Crypt.
             The game lasted 02:37:14 (60557 turns).

freelancePsychic the Earth Mage (DsGl)             Turns: 60557, Time: 02:37:14

Health: -10/178    AC: 27    Str: 32    XL:     23   Next: 2%
Magic:  41/41      EV: 30    Int: 33    God:    Cheibriados [******]
Gold:   3017       SH: 13    Dex: 31    Spells: 5/42 levels left

rFire    + . .     SeeInvis .     - Unarmed
rCold    + . .     Faith    .   H - +0 buckler
rNeg     . . .     Spirit   .   h - +6 ring mail "Cov Fulo" {rCorr Int+2}
rPois    .         Reflect  +   (helmet unavailable)
rElec    .         Harm     .   l - +2 cloak {Stlth+}
rCorr    +         Rampage  .   k - +1 pair of gloves
Will     +....                  n - +2 pair of boots
Stlth    +++.......             C - amulet of reflection
HPRegen  0.39/turn              A - ring of protection from fire
MPRegen  0.27/turn              E - +4 ring of slaying

@: mighty, agile, about to teleport, very slightly contaminated, very slow
A: horns 3, icy blue scales 3, powered by pain 3, demonic magic 2, bedeviling,
hooves 1, high mp 1
}: 3/15 runes: decaying, serpentine, abyssal
a: Renounce Religion, Bend Time, Temporal Distortion, Slouch, Step From Time


You were on level 1 of the Crypt.
You worshipped Cheibriados.
Cheibriados was exalted by your worship.
You visited 9 branches of the dungeon, and saw 40 of its levels.
You visited the Abyss 5 times.
You also visited: Bailey, Gauntlet and Ice Cave.

You collected 5962 gold pieces.
You spent 2945 gold pieces at shops.

Inventory:

Hand Weapons
 g - the +9 quick blade of Outrage {flame, +Rage Dex+2}
   (You acquired it on level 3 of the Dungeon)

   It has been specially enchanted to burn those struck by it, causing extra
   injury to most foes and up to half again as much damage against particularly
   susceptible opponents.
   It affects your dexterity (+2).
   It lets you go berserk.
Missiles
 d - 4 throwing nets
 B - 15 atropa-tipped darts
Armour
 h - the +6 ring mail "Cov Fulo" (worn) {rCorr Int+2}
   (You found it on level 3 of the Elven Halls)

   It affects your intelligence (+2).
   It protects you from acid and corrosion.
 k - a +1 pair of gloves (worn)
 l - a +2 cloak of stealth (worn)
 n - a +2 pair of boots (worn)
 y - the +8 plate armour "Sidemega" {rN+}
   (You acquired it on level 4 of the Snake Pit)

   It protects you from negative energy.
 H - a +0 buckler (worn)
Jewellery
 m - a ring of see invisible
 t - the ring "Vaihuosm" {rPois Str+3 Int+4}
   (You found it in a Gauntlet)

   [ring of poison resistance]

   It affects your strength (+3).
   It affects your intelligence (+4).
   It protects you from poison.
 A - a ring of protection from fire (left hand)
 C - an amulet of reflection (around neck)
 E - a +4 ring of slaying (right hand)
 J - a +4 ring of protection
 L - a ring of wizardry
 R - a ring of magical power
 U - a ring of protection from cold
Wands
 b - a wand of charming (10)
 e - a wand of flame (43)
 p - a wand of iceblast (28)
 x - a wand of digging (12)
 N - a wand of paralysis (40)
 O - a wand of acid (36)
 S - a wand of polymorph (12)
Scrolls
 a - 7 scrolls of enchant weapon
 F - 5 scrolls of enchant armour
 G - 7 scrolls of teleportation {@r4}
 K - 8 scrolls of amnesia
 M - 4 scrolls of fear
 Q - 2 scrolls of summoning
 T - a scroll of fog
 W - 6 scrolls of magic mapping
 X - 6 scrolls of identify {@r1}
 Z - 3 scrolls of brand weapon
Potions
 c - 2 potions of resistance
 f - a potion of cancellation
 i - 11 potions of curing {@q1}
 j - 5 potions of ambrosia
 o - 2 potions of attraction
 r - 7 potions of mutation
 s - 5 potions of heal wounds {@q2}
 u - 2 potions of magic
 v - 2 potions of invisibility
 z - 4 potions of flight
 D - 11 potions of might
 V - 8 potions of brilliance
 Y - 5 potions of lignification
Miscellaneous
 q - a lightning rod (4/4)
 w - a box of beasts
 I - a condenser vane


   Skills:
 - Level 14.2 Fighting
 - Level 8.0 Short Blades
 - Level 1.7 Throwing
 - Level 11.2 Armour
 - Level 12.7 Dodging
 * Level 8.9 Shields
 - Level 13.5 Unarmed Combat
 - Level 10.2 Spellcasting
 - Level 12.3 Conjurations
 - Level 11.4 Hexes
 - Level 9.3 Translocations
 - Level 11.0 Transmutations
 - Level 15.8 Earth Magic
 - Level 7.9 Invocations
 - Level 11.2 Evocations


You had 5 spell levels left.
You knew the following spells:

 Your Spells              Type           Power      Damage    Failure   Level
a - Iron Shot             Conj/Erth      41%        9d8       1%          6
b - Yara's Violent Unrav  Hex/Tmut       47%        3d18      1%          5
c - Irradiate             Conj/Tmut      38%        3d26      1%          5
d - Invisibility          Hex            47%        N/A       4%          6
e - Blade Hands           Tmut           37%        N/A       6%          6
f - Statue Form           Tmut/Erth      54%        N/A       2%          6
g - Lesser Beckoning      Tloc           34%        N/A       1%          3

Your spell library contained the following spells:

 Spells                   Type           Power      Damage    Failure   Level
 Sandblast                Erth           100%       2d20      0%          1
 Apportation              Tloc           100%       N/A       1%          1
 Beastly Appendage        Tmut           100%       N/A       1%          1
 Corona                   Hex            100%       N/A       1%          1
 Foxfire                  Conj/Fire      100%       2x1d9     1%          1
 Magic Dart               Conj           100%       1d8       1%          1
 Shock                    Conj/Air       100%       1d9       1%          1
 Sting                    Tmut/Pois      100%       1d8       1%          1
 Blink                    Tloc           N/A        N/A       1%          2
 Ensorcelled Hibernation  Hex/Ice        100%       N/A       1%          2
 Passwall                 Tmut/Erth      67%        N/A       1%          2
 Searing Ray              Conj           100%       3d7       1%          2
 Slow                     Hex            95%        N/A       1%          2
 Static Discharge         Conj/Air       55%        N/A       1%          2
 Wereblood                Tmut           74%        N/A       1%          2
 Confusing Touch          Hex            95%        N/A       1%          3
 Conjure Flame            Conj/Fire      55%        6-21      1%          3
 Dazzling Flash           Conj/Hex       100%       N/A       1%          3
 Gell's Gravitas          Tloc           34%        N/A       1%          3
 Inner Flame              Hex/Fire       70%        N/A       1%          3
 Mephitic Cloud           Conj/Pois/Air  44%        N/A       1%          3
 Portal Projectile        Hex/Tloc       100%       N/A       1%          3
 Spider Form              Tmut/Pois      26%        N/A       1%          3
 Stone Arrow              Conj/Erth      100%       3d13      1%          3
 Teleport Other           Tloc           68%        N/A       1%          3
 Tukima's Dance           Hex            95%        N/A       1%          3
 Animate Armour           Summ/Erth      100%       N/A       1%          4
 Cause Fear               Hex            47%        N/A       1%          4
 Fulminant Prism          Conj/Hex       48%        3d21      1%          4
 Iskenderun's Mystic Bla  Conj/Tloc      73%        2d15      1%          4
 Leda's Liquefaction      Hex/Erth       51%        N/A       1%          4
 Petrify                  Tmut/Erth      81%        N/A       1%          4
 Bolt of Magma            Conj/Fire/Erth 34%        4d15      1%          5
 Iskenderun's Battlesphe  Conj           78%        2d13      1%          5
 Lee's Rapid Deconstruct  Erth           44%        3d22*     1%          5
 Ignite Poison            Fire/Tmut/Pois 41%        N/A       2%          3
 Hailstorm                Conj/Ice       55%        3d12      2%          4
 Sticky Flame             Conj/Fire      55%        2d7       2%          4
 Manifold Assault         Tloc           68%        N/A       2%          5
 Freeze                   Ice            64%        1d8       3%          1
 Ice Form                 Ice/Tmut       52%        N/A       3%          4
 Borgnjor's Vile Clutch   Necr/Erth      31%        N/A       3%          5
 Call Imp                 Summ           16%        N/A       5%          2
 Corpse Rot               Necr/Air       N/A        N/A       5%          2
 Poisonous Vapours        Pois/Air       32%        N/A       5%          2
 Sublimation of Blood     Necr           8%         N/A       5%          2
 Lightning Bolt           Conj/Air       27%        1d44      8%          5
 Alistair's Intoxication  Tmut/Pois      34%        N/A       10%         5
 Metabolic Englaciation   Hex/Ice        35%        N/A       10%         5
 Silence                  Hex/Air        35%        N/A       10%         5
 Frozen Ramparts          Ice            32%        1d5       11%         3
 Ozocubu's Armour         Ice            16%        N/A       11%         3
 Swiftness                Air            16%        N/A       11%         3
 Freezing Cloud           Conj/Ice/Air   22%        6-21      19%         5
 Airstrike                Air            8%         N/A       34%         4
 Olgreb's Toxic Radiance  Pois           16%        N/A       34%         4
 Summon Ice Beast         Ice/Summ       16%        N/A       34%         4
 Summon Lightning Spire   Summ/Air       16%        N/A       34%         4
 Orb of Destruction       Conj           39%        9d13      19%         7
 Dragon Form              Tmut           37%        N/A       32%         7
 Conjure Ball Lightning   Conj/Air       27%        3x3d8     38%         6
 Eringya's Noxious Bog    Tmut/Pois      26%        N/A       50%         6
 Discord                  Hex            47%        N/A       91%         8
 Spellforged Servitor     Conj/Summ      27%        N/A       93%         7
 Storm Form               Tmut/Air       26%        N/A       97%         7
 Death Channel            Necr           8%         N/A       99%         6
 Shadow Creatures         Summ           N/A        N/A       99%         6
 Simulacrum               Ice/Necr       8%         N/A       99%         6
 Disjunction              Tloc           34%        N/A       99%         8
 Shatter                  Erth           44%        3d34*     99%         9
 Ozocubu's Refrigeration  Ice            8%         4d6       100%        7
 Dragon's Call            Summ           8%         N/A       100%        9


Dungeon Overview and Level Annotations

Branches:
Dungeon (15/15)            Temple (1/1) D:7            Lair (6/6) D:10
  Swamp (4/4) Lair:2        Snake (4/4) Lair:4        Slime (0/5) Lair:6
    Orc (2/2) D:11            Elf (3/3) Orc:2        Vaults (4/5) D:13
  Crypt (1/3) Vaults:2     Depths (0/5) D:15         Bailey (visited)
  IceCv (visited)         Gauntlet (visited)

Altars:
Ashenzari
Cheibriados
Dithmenos
Elyvilon
Fedhas
Gozag
Hepliaklqana
Kikubaaqudgha
Makhleb
Nemelex Xobeh
Okawaru
Qazlal
Ru
Sif Muna
Trog
Uskayaw
Vehumet
Wu Jian
Xom
Yredelemnul
Zin
The Shining One
Beogh
Jiyva

Shops:
D:4 (   D:5 *?[(   D:7 :   Orc:2 *:[(   Elf:2 [   Elf:3 *   Snake:1 (
Snake:2 [   Snake:3 =:=:   Snake:4 *   Vaults:4 :(*(

Portals:
Trove: Vaults:1 (give 12 potions of heal wounds)

Annotations:
Lair:6 1 runed translucent door
Snake:1 2 transporters, Pamett's ghost, adept VSBe
Orc:1 3 runed translucent doors, Weeptyisk's ghost, journeyman DDFi
Crypt:1 Margery


Innate Abilities, Weirdness & Mutations

You have a pair of large horns on your head.
You are completely covered in icy blue scales. (AC +4, rC+)
You are powered by pain.
Spells you cast may paralyse nearby enemies.
Your maledictions are enhanced.
You have large cloven feet.
You have an increased reservoir of magic. (+10% MP)


Message History

Margery hurls suddenly forward!
Malevolent energies surge around you. Margery casts a spell at you.
The fireball explodes!
The fireball engulfs you! You resist.
The fireball engulfs Margery!
Margery resists.
The hell knight casts a spell.
The hell knight seems to speed up.
A hell knight comes into view.
It is wielding a +1 great mace of flaming.
A hell knight comes into view.
It is wielding a +5 scimitar of flaming.
You squash Margery like an ant!!!
Your kick misses Margery. You headbutt Margery!!
Margery is severely wounded.
The hell knight casts a spell at you. The bolt of fire hits you!! You resist.
* * * LOW HITPOINT WARNING * * *
You focus on the pain.
You feel more agile all of a sudden.
Margery hits you with a +2 great sword of distortion!
* * * LOW HITPOINT WARNING * * *
Space warps horribly around you!
* * * LOW HITPOINT WARNING * * *
You focus on the pain.
You feel your power returning.
You feel much better.
You revert to your normal fleshy form.
Your +1 pair of gloves unmelds from your body.
Your +2 pair of boots unmelds from your body.
The +6 ring mail "Cov Fulo" {rCorr Int+2} unmelds from your body.
The hell knight casts a spell.
The hell knight seems to speed up.
Margery points at you and mumbles some strange words.
The fireball explodes!
The fireball engulfs you!! You resist.
* * * LOW HITPOINT WARNING * * *
The fireball engulfs Margery!
Margery resists.
A hell knight comes into view. It is wielding a +5 vorpal great sword.
As you read the scroll of teleportation {@r4}, it crumbles to dust.
You feel strangely unstable.
The hell knight gestures at you while chanting.
The bolt of fire misses you. Margery casts a spell at you.
The fireball explodes!
The fireball engulfs you!! You resist.
You die...

#########
#.......#
#.⌠.⌠.⌠.#
#)@.....#.
#<@pp.pp.p
#†......#.
#.⌠.⌠.⌠.#
#.......#
#########


You could see Margery and 5 hell knights.

Vanquished Creatures
  Xtahua (Vaults:2)
  A bone dragon (Abyss:2)
  2 liches
  A tentacled monstrosity (Vaults:1)
  2 quicksilver dragons (Snake:4)
  5 deep elf blademasters
  2 deep elf master archers (Elf:3)
  A tentacled starspawn (Abyss:3)
  3 sphinxes
  An ancient champion (Crypt:1)
  The ghost of Aruheqoe the Eclecticist, an adept DjFE of Elyvilon (Swamp:3)
  The ghost of Voickih the Impaler, an adept MfGl of the Shining One (Swamp:3)
  3 thorn hunters
  Frances (Snake:1)
  8 nagarajas
  2 shadow dragons (Vaults:1)
  Kirke (D:13)
  5 tengu reavers
  Donald (Swamp:4)
  A fenstrider witch (Swamp:2)
  A fire giant (Vaults:1)
  4 deep elf sorcerers
  16 vault wardens
  Louise (Swamp:2)
  9 deep elf elementalists (Elf:3)
  3 cacodemons
  3 orc warlords
  3 ghouls (Crypt:1)
  4 war gargoyles
  17 ironbound preservers
  3 stone giants
  11 deep elf annihilators
  3 bunyips
  11 deep elf demonologists
  Nessos (Orc:2)
  A minotaur (Gauntlet)
  3 dire elephants
  5 deep elf death magi
  4 eleionomae
  2 ettins
  Snorg (D:14)
  A fire dragon (Swamp:4)
  17 yaktaur captains
  A blizzard demon (Abyss:3)
  3 deep elf high priests (Elf:3)
  2 shambling mangroves
  A green death (Abyss:2)
  6 rakshasas
  2 peacekeepers
  2 salamander tyrants
  12 ironbound thunderhulks
  The ghost of indyram44 the Covert, a journeyman DECj of Vehumet (Lair:4)
  3 catoblepae (Lair:6)
  13 vault guards
  2 boulder beetles
  6 great orbs of eyes
  2 ogre magi
  9 naga warriors
  11 ironbound frosthearts
  3 ice dragons
  4 death knights
  12 anacondas
  10 two-headed ogres
  4 ghost crabs
  19 hydras
  9 centaur warriors
  21 dancing weapons
  7 alligators
  A vampire mage (Vaults:2)
  8 thrashing horrors
  7 death yaks (Lair:6)
  3 tengu warriors
  Nergalle (Orc:2)
  An ironbound beastmaster (Vaults:1)
  A soul eater (Gauntlet)
  6 shock serpents
  15 deep elf knights
  17 naga sharpshooters
  2 orc high priests
  4 wretched stars
  A storm dragon skeleton (Abyss:3)
  5 sixfirhies
  A sun demon (Abyss:3)
  5 salamander mystics
  5 goliath frogs
  6 skeletal warriors
  The ghost of Drazool the Frost Mage, a novice BaSu (D:9)
  2 spatial maelstroms (Abyss:3)
  25 deep trolls
  A glowing orange brain (Abyss:2)
  2 spriggan druids
  16 swamp dragons
  6 naga ritualists
  14 starcursed masses
  5 bog bodies
  12 deep elf archers
  6 necromancers
  A harpy (Vaults:2)
  4 phantasmal warriors
  3 lindwurms (Swamp:4)
  9 wizards
  10 ironbound convokers
  34 deep elf zephyrmancers
  An orb spider (shapeshifter) (D:14)
  14 mana vipers
  23 ugly things
  6 cyclopes
  10 orc knights
  8 manticores
  36 deep elf pyromancers
  3 orc sorcerers
  A frost giant zombie (Abyss:3)
  An iron dragon skeleton (Abyss:3)
  4 will-o-the-wisps
  7 worldbinders (Abyss:3)
  2 oklob plants (Lair:6)
  19 salamanders
  6 elephants (Lair:2)
  2 apocalypse crabs
  21 naga magi
  6 smoke demons
  36 black mambas
  4 guardian serpents
  2 ice statues (IceCv)
  2 water nymphs (Abyss:3)
  9 cane toads
  5 orange demons
  A gargoyle (D:12)
  2 unseen horrors (D:11)
  12 vault sentinels
  12 komodo dragons
  47 yaktaurs
  A minotaur zombie (Gauntlet)
  Psyche (D:10)
  2 yaktaurs (shapeshifter)
  6 rime drakes
  3 efreet
  6 kobold demonologists (D:10)
  2 tengu conjurers (Gauntlet)
  6 freezing wraiths
  A tormentor (Abyss:3)
  2 ancient zymes
  A catoblepas skeleton (Crypt:1)
  8 polar bears
  A bloated husk (Swamp:1)
  3 meliai (D:13)
  9 tyrant leeches
  10 trolls
  11 hornets
  28 slime creatures
  4 raiju
  A wind drake (shapeshifter) (D:14)
  Prince Ribbit (D:8)
  18 blink frogs
  A human skeleton (Vaults:4)
  A deep troll zombie (Vaults:4)
  12 large abominations
  A redback (shapeshifter) (D:15)
  7 flying skulls (Abyss:3)
  12 spriggans
  6 ynoxinuls
  A spriggan (shapeshifter) (Vaults:1)
  4 hogs (D:13)
  4 air elementals
  6 water elementals
  2 wyverns
  7 wraiths
  42 yaks
  3 basilisks
  2 shadows
  2 fire bats (Abyss:2)
  A fire elemental (Elf:1)
  A hog (shapeshifter) (Elf:2)
  16 humans (D:13)
  2 vampires
  5 chaos spawn
  16 vampire mosquitoes
  2 neqoxecs (Abyss:3)
  Menkaure (D:6)
  A naga (shapeshifter) (Abyss:3)
  Edmund (D:6)
  A human zombie (Vaults:4)
  8 swamp worms
  4 wargs
  39 nagas
  13 water moccasins
  A floating eye (shapeshifter) (Vaults:1)
  36 orc warriors
  16 ice beasts
  A hornet zombie (D:6)
  5 swamp drakes
  A snapping turtle zombie (Abyss:3)
  A tengu (shapeshifter) (Elf:2)
  An ogre (shapeshifter) (D:13)
  A sky beast (D:7)
  6 necrophages (Crypt:1)
  16 ogres
  20 wolves
  5 centaurs
  A phantom (D:7)
  5 kobold brigands
  14 bullfrogs
  9 gnoll sergeants
  9 small abominations
  Blork the orc (Orc:2)
  2 earth elementals
  A water moccasin skeleton (D:6)
  17 killer bees
  A swamp dragon simulacrum (Abyss:3)
  3 howler monkeys
  An electric eel (Lair:3)
  7 centaur zombies
  A crimson imp (Abyss:3)
  4 quasits
  2 hounds
  3 jellies
  2 centaur skeletons
  18 orc priests
  3 iron imps
  Jessica (D:3)
  12 orc wizards
  5 hell rats (Lair:2)
  A killer bee zombie (D:5)
  A hound skeleton (D:4)
  2 howler monkey zombies
  15 gnolls
  8 adders
  4 shadow imps
  14 white imps
  2 ufetubi (D:5)
  2 worms
  3 dart slugs
  54 orcs
  9 ball pythons
  7 endoplasms
  2 giant cockroaches
  13 goblins
  12 hobgoblins
  5 jackals (D:1)
  29 kobolds
  3 quokkas
  6 bats
  7 frilled lizards
  A jackal skeleton (D:4)
  9 rats
  A bush (Abyss:2)
1665 creatures vanquished.

Vanquished Creatures (others)
  A deep elf sorcerer (Elf:3)
  A centaur warrior (Vaults:2)
  2 naga sharpshooters (Snake:4)
  A salamander mystic (Snake:4)
  A spriggan druid (Swamp:4)
  A deep elf archer (Elf:2)
  A phantasmal warrior (Vaults:1)
  A wizard (Vaults:1)
  2 yaktaurs (Vaults:3)
  3 bloated husks (Swamp:3)
  3 humans (D:13)
  2 golden eyes (Abyss:3)
  A swamp drake (Swamp:4)
  2 small abominations (Abyss:3)
  A demonic plant (Abyss:2)
  32 foxfires
  27 fungi
  2 lurking horrors (Abyss:3)
  24 plants
108 creatures vanquished.

Grand Total: 1773 creatures vanquished

Notes
Turn   | Place    | Note
-------+----------+-------------------------------------------
     0 | D:1      | freelancePsychic the Demonspawn Gladiator began the quest
                  | for the Orb.
     0 | D:1      | Reached XP level 1. HP: 16/16 MP: 1/1
    70 | D:1      | Gained mutation: You are partially covered in icy blue
                  | scales. (AC +2) [demonic ancestry]
    70 | D:1      | Reached XP level 2. HP: 19/22 MP: 2/2
   313 | D:1      | Gained mutation: Spells you cast may paralyse adjacent
                  | enemies. [demonic ancestry]
   313 | D:1      | Reached XP level 3. HP: 26/28 MP: 3/3
   658 | D:1      | Found a faded altar of an unknown god.
   715 | D:1      | You fall into a shaft and drop 1 floor!
  1269 | D:2      | Gained mutation: Spells you cast may paralyse nearby
                  | enemies. [demonic ancestry]
  1269 | D:2      | Reached XP level 4. HP: 31/34 MP: 4/4
  2022 | D:3      | Noticed Jessica
  2034 | D:3      | Killed Jessica
  2193 | D:3      | Reached XP level 5. HP: 41/41 MP: 5/5
  2446 | D:3      | Identified a scroll of acquirement
  2447 | D:3      | Acquired the +9 quick blade of Outrage {flame, +Rage Dex+2}
  2532 | D:4      | Identified the Disquisition on Dark Clay
  2777 | D:4      | Reached skill level 1 in Evocations
  3158 | D:4      | Found Acradghal's Weapon Emporium.
  3256 | D:5      | Entered Level 5 of the Dungeon
  3256 | D:5      | Found Muosok's Armour Shoppe.
  3336 | D:5      | Found Geluumn's Magic Scroll Boutique.
  3348 | D:5      | Noticed an ogre
  3358 | D:5      | Killed an ogre
  3359 | D:5      | Reached skill level 5 in Short Blades
  3359 | D:5      | Gained mutation: You are mostly covered in icy blue scales.
                  | (AC +3) [demonic ancestry]
  3359 | D:5      | Reached XP level 6. HP: 47/47 MP: 6/6
  3430 | D:5      | Found Lekeg Sepn's Assorted Antiques.
  3598 | D:4      | Reached XP level 7. HP: 26/52 MP: 7/7
  4029 | D:5      | Found Kezanuuc's Antique Weapon Emporium.
  4328 | D:6      | Noticed Menkaure
  4346 | D:6      | Killed Menkaure
  4889 | D:6      | Reached skill level 5 in Evocations
  5067 | D:6      | Gained mutation: You sometimes gain a little power by
                  | taking damage. [demonic ancestry]
  5067 | D:6      | Reached XP level 8. HP: 58/58 MP: 8/8
  5070 | D:6      | Noticed Edmund
  5083 | D:6      | Killed Edmund
  5467 | D:7      | Found a staircase to the Ecumenical Temple.
  5654 | D:7      | Found Gicen's Book Shop.
  6106 | Temple   | Entered the Ecumenical Temple
  6158 | Temple   | Became a worshipper of Cheibriados the Contemplative
  6762 | D:8      | Noticed Prince Ribbit
  6766 | D:8      | Gained mutation: You have a pair of small horns on your
                  | head. [demonic ancestry]
  6766 | D:8      | Reached XP level 9. HP: 54/56 MP: 6/9
  6769 | D:8      | Killed Prince Ribbit
  6769 | D:8      | Reached * piety under Cheibriados
  6838 | D:8      | Noticed a boulder beetle
  6864 | D:8      | Killed a boulder beetle
  7341 | D:8      | Reached skill level 10 in Evocations
  7367 | D:8      | Noticed a troll
  7370 | D:8      | Killed a troll
  7799 | D:8      | Reached XP level 10. HP: 61/70 MP: 10/10
  7990 | D:9      | Noticed a two-headed ogre
  8157 | D:8      | Reached ** piety under Cheibriados
  8190 | D:9      | Found a runed translucent gate.
  8190 | D:9      | Found a runed translucent gate.
  8190 | D:9      | Found a runed translucent gate.
  8218 | D:9      | Found an opulent altar of Gozag.
  8218 | D:9      | Noticed a five-headed hydra
  8222 | D:9      | Noticed Drazool's ghost (novice BaSu)
  8418 | D:9      | Killed a two-headed ogre
  8944 | D:9      | Reached skill level 1 in Earth Magic
  9015 | D:9      | Killed a five-headed hydra
  9016 | D:9      | Reached skill level 2 in Earth Magic
  9020 | D:9      | Killed Drazool's ghost
  9021 | D:9      | Reached skill level 3 in Earth Magic
  9024 | D:9      | Reached skill level 5 in Fighting
  9205 | D:10     | Entered Level 10 of the Dungeon
  9223 | D:10     | Noticed an orange demon
  9249 | D:10     | Reached skill level 4 in Earth Magic
  9260 | D:10     | Reached *** piety under Cheibriados
  9299 | D:10     | Found a flagged portal.
  9317 | D:10     | Gained mutation: You are completely covered in icy blue
                  | scales. (AC +4, rC+) [demonic ancestry]
  9317 | D:10     | Reached XP level 11. HP: 54/73 MP: 11/11
  9332 | D:10     | Reached skill level 5 in Earth Magic
  9351 | Bailey   | Entered a bailey
  9664 | Bailey   | Found a bloodstained altar of Trog.
  9682 | Bailey   | Reached **** piety under Cheibriados
  9928 | D:5      | Bought a scroll of acquirement for 676 gold pieces
  9928 | D:5      | Acquired a manual of Earth Magic
 10092 | D:10     | Noticed Psyche
 10098 | D:10     | Killed Psyche
 10260 | D:10     | Found a staircase to the Lair.
 10484 | Lair:1   | Entered Level 1 of the Lair of Beasts
 10500 | Lair:1   | Reached skill level 6 in Earth Magic
 10667 | Lair:1   | Reached skill level 7 in Earth Magic
 11060 | Lair:1   | Reached skill level 8 in Earth Magic
 11791 | Lair:2   | Found a gate leading to a gauntlet.
 11800 | Gauntlet | Entered a Gauntlet
 11800 | Gauntlet | Found a transporter.
 11800 | Gauntlet | Found a transporter.
 11800 | Gauntlet | Noticed a catoblepas
 11820 | Gauntlet | Noticed a soul eater
 12014 | Gauntlet | Found a runed translucent door.
 12017 | Gauntlet | Found a transporter.
 12018 | Gauntlet | Found a transporter.
 12026 | Gauntlet | Found a transporter.
 12029 | Gauntlet | Found a transporter.
 12031 | Gauntlet | Noticed a wizard
 12033 | Gauntlet | Noticed a wizard
 12037 | Gauntlet | Found a transporter.
 12055 | Gauntlet | Found a transporter.
 12061 | Gauntlet | Found a transporter.
 12063 | Gauntlet | Found a transporter.
 12063 | Gauntlet | Noticed a tengu warrior
 12065 | Gauntlet | Found a runed translucent gate.
 12065 | Gauntlet | Found a runed translucent gate.
 12066 | Gauntlet | Found a large runed translucent door.
 12066 | Gauntlet | Found a large runed translucent door.
 12067 | Gauntlet | Found a large runed translucent door.
 12068 | Gauntlet | Found a large runed translucent door.
 12069 | Gauntlet | Found a large runed translucent door.
 12069 | Gauntlet | Found a large runed translucent door.
 12069 | Gauntlet | Found a runed translucent door.
 12070 | Gauntlet | Found a large runed translucent door.
 12071 | Gauntlet | Found a large runed translucent door.
 12073 | Gauntlet | Found a transporter.
 12074 | Gauntlet | Found a runed translucent gate.
 12074 | Gauntlet | Found a runed translucent door.
 12112 | Gauntlet | Found a large runed translucent door.
 12112 | Gauntlet | Found a large runed translucent door.
 12113 | Gauntlet | Found a large runed translucent door.
 12114 | Gauntlet | Found a large runed translucent door.
 12115 | Gauntlet | Found a large runed translucent door.
 12115 | Gauntlet | Found a large runed translucent door.
 12116 | Gauntlet | Found a large runed translucent door.
 12117 | Gauntlet | Found a large runed translucent door.
 12122 | Gauntlet | Found a transporter.
 12193 | Gauntlet | Killed a soul eater
 12297 | Gauntlet | Killed a tengu warrior
 12298 | Gauntlet | Reached skill level 9 in Earth Magic
 12307 | Gauntlet | Reached ***** piety under Cheibriados
 12331 | Gauntlet | Paralysed by you for 6 turns
 12340 | Gauntlet | Identified the ring "Vaihuosm" {rPois Str+3 Int+4}
 12515 | Gauntlet | Noticed a minotaur
 12526 | Gauntlet | Killed a minotaur
 12527 | Gauntlet | Reached skill level 10 in Earth Magic
 12527 | Gauntlet | Gained mutation: You have a pair of horns on your head.
                  | [demonic ancestry]
 12527 | Gauntlet | Reached XP level 12. HP: 84/96 MP: 12/12
 12741 | Lair:2   | Reached skill level 10 in Fighting
 12823 | Lair:2   | Noticed a seven-headed hydra
 12832 | Lair:2   | Killed a seven-headed hydra
 12833 | Lair:2   | Reached skill level 11 in Earth Magic
 13367 | Lair:2   | Found a staircase to the Swamp.
 13740 | Lair:3   | Reached skill level 12 in Earth Magic
 13743 | Lair:3   | Reached skill level 1 in Conjurations
 13749 | Lair:3   | Reached skill level 5 in Dodging
 14121 | Lair:3   | You fall into a shaft and drop 3 floors!
 14121 | Lair:6   | Entered Level 6 of the Lair of Beasts
 14125 | Lair:6   | Found a runed translucent door.
 14126 | Lair:6   | Found a viscous altar of Jiyva.
 14235 | Lair:6   | Noticed a death yak
 14240 | Lair:6   | Killed a death yak
 14354 | Lair:6   | Gained mutation: You sometimes gain power by taking damage.
                  | [demonic ancestry]
 14354 | Lair:6   | Reached XP level 13. HP: 100/106 MP: 13/13
 14406 | Lair:5   | Reached ****** piety under Cheibriados
 14418 | Lair:5   | Identified the +1 robe of Valiance {rCorr}
 14529 | Lair:5   | Reached skill level 13 in Earth Magic
 14844 | Lair:4   | Found a runed translucent door.
 14847 | Lair:4   | Noticed indyram44's ghost (journeyman DECj)
 14862 | Lair:4   | Killed indyram44's ghost
 14890 | Lair:4   | Reached skill level 1 in Invocations
 14897 | Lair:4   | Reached skill level 5 in Conjurations
 14921 | Lair:4   | Found a frozen archway.
 14938 | IceCv    | Entered an ice cave
 16070 | Lair:4   | Found a staircase to the Snake Pit.
 17113 | Lair:5   | Reached skill level 5 in Invocations
 17205 | Lair:5   | You fall into a shaft and drop 1 floor!
 17249 | Lair:6   | Noticed an acid blob
 17253 | Lair:6   | Found a staircase to the Slime Pits.
 17254 | Lair:6   | Noticed an acid blob
 18029 | Lair:6   | Gained mutation: You have a pair of large horns on your
                  | head. [demonic ancestry]
 18029 | Lair:6   | Reached XP level 14. HP: 67/108 MP: 16/19
 18799 | D:7      | Bought a book of the Earth for 910 gold pieces
 18806 | D:7      | Learned a level 6 spell: Iron Shot
 18992 | D:11     | Reached skill level 1 in Armour
 20291 | D:11     | Found a staircase to the Orcish Mines.
 20477 | Orc:1    | Entered Level 1 of the Orcish Mines
 20477 | Orc:1    | Noticed an orc warlord
 20478 | Orc:1    | Paralysed by an orc sorcerer for 2 turns
 20761 | D:11     | Killed an orc warlord
 21351 | Orc:1    | Found a runed translucent gate.
 21351 | Orc:1    | Found a runed translucent gate.
 21351 | Orc:1    | Found a runed translucent gate.
 21541 | Orc:1    | Noticed Weeptyisk's ghost (journeyman DDFi)
 21717 | Orc:2    | Entered Level 2 of the Orcish Mines
 21717 | Orc:2    | Noticed Nessos
 21726 | Orc:2    | Killed Nessos
 21727 | Orc:2    | Reached skill level 5 in Armour
 21727 | Orc:2    | Reached skill level 1 in Spellcasting
 22242 | Orc:2    | Noticed Nergalle
 22325 | Orc:2    | Noticed Blork the orc
 22328 | Orc:2    | Killed Blork the orc
 22425 | Orc:2    | Noticed an orc warlord
 22457 | Orc:2    | Killed an orc warlord
 22463 | Orc:2    | Killed Nergalle
 22625 | Orc:2    | Found Vess's General Store.
 22687 | Orc:2    | Found Cufadd's Book Boutique.
 22689 | Orc:2    | Found Kouxul's Antique Weapon Boutique.
 22692 | Orc:2    | Found Ypsilougill's Antique Armour Boutique.
 22729 | Orc:2    | Bought an encrusted scale mail for 342 gold pieces
 22729 | Orc:2    | Identified the +1 scale mail "Modi" {Str+2} (You bought it
                  | in a shop on level 2 of the Orcish Mines)
 22773 | Orc:2    | Found a staircase to the Elven Halls.
 23568 | D:11     | Reached XP level 15. HP: 112/118 MP: 14/20
 24031 | D:12     | Reached skill level 5 in Spellcasting
 24588 | D:13     | Noticed Kirke
 24597 | D:13     | Noticed a sphinx
 24606 | D:13     | Killed Kirke
 25094 | D:13     | Cast into level 3 of the Abyss (a wizard)
 25156 | D:13     | Escaped the Abyss
 25191 | D:13     | Found a gate to the Vaults.
 27328 | D:14     | Noticed Snorg
 27331 | D:14     | Killed Snorg
 27742 | D:15     | Entered Level 15 of the Dungeon
 28479 | D:15     | Found a staircase to the Depths.
 29244 | D:14     | Reached skill level 10 in Armour
 29566 | Elf:1    | Entered Level 1 of the Elven Halls
 29570 | Elf:1    | Gained mutation: Your maledictions are enhanced. [demonic
                  | ancestry]
 29570 | Elf:1    | Reached XP level 16. HP: 59/123 MP: 24/28
 29571 | Elf:1    | Reached skill level 10 in Conjurations
 30168 | Elf:1    | Paralysed by an air elemental for 1 turns
 30432 | Elf:1    | Cast into level 2 of the Abyss (a deep elf demonologist)
 31175 | Abyss:2  | Noticed a lich
 31177 | Abyss:2  | Killed a lich
 31270 | Elf:1    | Escaped the Abyss
 31449 | Elf:1    | Reached skill level 14 in Earth Magic
 31453 | Elf:1    | Reached skill level 10 in Spellcasting
 31553 | Elf:1    | Paralysed by an air elemental for 1 turns
 31866 | Elf:1    | Identified the +1 chain mail of Toothy Beauty {rN+ Regen+}
 32428 | Elf:2    | Found a runed translucent gate.
 32428 | Elf:2    | Found a runed translucent gate.
 32429 | Elf:2    | Found a runed translucent gate.
 32537 | Elf:2    | Found Xopeevox's Armour Emporium.
 32812 | Elf:2    | Reached XP level 17. HP: 123/124 MP: 31/31
 32865 | Elf:2    | Noticed a Tzitzimitl
 33555 | Elf:2    | Noticed a deep elf blademaster
 33558 | Elf:2    | Killed a deep elf blademaster
 33784 | Elf:3    | Entered Level 3 of the Elven Halls
 33784 | Elf:3    | Found Wawif's General Store.
 33798 | Elf:3    | Paralysed by an air elemental for 1 turns
 33957 | Elf:3    | Reached skill level 1 in Hexes
 34586 | Elf:3    | Noticed a deep elf blademaster
 34587 | Elf:3    | Reached skill level 15 in Earth Magic
 34587 | Elf:3    | Noticed a deep elf blademaster
 34594 | Elf:3    | Killed a deep elf blademaster
 34598 | Elf:3    | Killed a deep elf blademaster
 34876 | Elf:3    | Identified the +8 halberd "Cafyl" {protect, rElec Str+4
                  | Dex+3}
 34879 | Elf:3    | Cast into level 2 of the Abyss (a deep elf demonologist)
 34879 | Abyss:2  | Found a snail-covered altar of Cheibriados.
 35122 | Abyss:2  | Noticed a bone dragon
 35124 | Abyss:2  | Paralysed by accursed screaming for 1 turns
 35157 | Abyss:2  | Killed a bone dragon
 35197 | Abyss:2  | Reached skill level 5 in Hexes
 35205 | Elf:3    | Escaped the Abyss
 35205 | Elf:3    | Noticed a deep elf master archer
 35205 | Elf:3    | Identified the +3 dagger "Deypocs" {freeze, rF+ Int+2
                  | Stlth+}
 35207 | Elf:3    | Noticed an Ice Fiend
 35214 | Elf:3    | Reached XP level 18. HP: 111/143 MP: 5/32
 35409 | Elf:3    | Learned a level 5 spell: Yara's Violent Unravelling
 35446 | Elf:3    | Reached skill level 1 in Transmutations
 35590 | Elf:3    | Cast into level 3 of the Abyss (a deep elf demonologist)
 35591 | Abyss:3  | Found a corrupted altar of Lugonu.
 35729 | Abyss:3  | Found a runed translucent door.
 35957 | Abyss:3  | Paralysed by a great orb of eyes for 6 turns
 36123 | Abyss:3  | Learned a level 5 spell: Irradiate
 36274 | Abyss:3  | Reached skill level 5 in Transmutations
 36325 | Abyss:3  | Got an abyssal rune of Zot
 36434 | Abyss:3  | Learned a level 6 spell: Invisibility
 36525 | Abyss:3  | Noticed a Hell Sentinel
 36644 | Abyss:3  | Reached skill level 10 in Hexes
 36671 | Abyss:3  | Found a runed translucent door.
 36679 | Abyss:3  | Paralysed by a great orb of eyes for 6 turns
 36738 | Abyss:3  | Noticed a lich
 36749 | Abyss:3  | Killed a lich
 36825 | Abyss:3  | Reached XP level 19. HP: 145/152 MP: 13/26
 36903 | Elf:3    | Escaped the Abyss
 37052 | Elf:3    | Identified the +6 ring mail "Cov Fulo" {rCorr Int+2}
 37090 | Elf:3    | Identified the Tome of the Wilderness
 37093 | Elf:3    | Identified Yptotub's Papyrus of Envenoming
 37185 | Elf:3    | Identified The Compendium of Greatest Risks and Utility
 37738 | Elf:3    | Learned a level 6 spell: Blade Hands
 37969 | D:15     | Learned a level 6 spell: Statue Form
 38197 | Snake:1  | Entered Level 1 of the Snake Pit
 38302 | Snake:1  | Reached skill level 1 in Unarmed Combat
 38382 | Snake:1  | Found a transporter.
 38382 | Snake:1  | Noticed Pamett's ghost (adept VSBe)
 38402 | Snake:1  | Found a transporter.
 38423 | Snake:1  | Noticed Frances
 38432 | Snake:1  | Killed Frances
 38615 | Snake:1  | Found Fiboisch's Weapon Shop.
 39783 | Elf:2    | Bought a +2 cloak of stealth for 322 gold pieces
 40309 | Snake:2  | Found Bonnuawi's Antique Armour Boutique.
 41546 | Snake:3  | Found Nobb's Jewellery Emporium.
 42000 | Snake:3  | Reached skill level 10 in Dodging
 42378 | Snake:3  | Reached skill level 5 in Unarmed Combat
 42930 | Snake:3  | Found Paewuo's Book Shoppe.
 42931 | Snake:3  | Found Dorchud's Jewellery Boutique.
 42933 | Snake:3  | Found Eseph's Book Shoppe.
 42971 | Snake:4  | Entered Level 4 of the Snake Pit
 43302 | Snake:4  | Acquired the +8 plate armour "Sidemega" {rN+}
 43419 | Snake:4  | Found Cowne's Commerce Corner.
 43479 | Snake:4  | Bought a condenser vane for 560 gold pieces
 43916 | Snake:4  | Reached XP level 20. HP: 159/159 MP: 29/34
 44760 | Snake:4  | Got a serpentine rune of Zot
 45536 | Swamp:1  | Entered Level 1 of the Swamp
 46666 | Swamp:2  | Reached skill level 10 in Transmutations
 46944 | Swamp:2  | Noticed Louise
 46954 | Swamp:2  | Killed Louise
 47002 | Swamp:2  | Gained mutation: You have large cloven feet. [mutagenic
                  | glow]
 47455 | Swamp:2  | You fall into a shaft and drop 1 floor!
 47845 | Swamp:3  | Found a runed translucent gate.
 47845 | Swamp:3  | Found a runed translucent gate.
 47845 | Swamp:3  | Found a runed translucent gate.
 47845 | Swamp:3  | Noticed Aruheqoe's ghost (adept DjFE)
 47845 | Swamp:3  | Noticed Voickih's ghost (adept MfGl)
 48470 | Swamp:3  | Killed Voickih's ghost
 48474 | Swamp:3  | Killed Aruheqoe's ghost
 48485 | Swamp:3  | Identified Taxahub's Tome of the Cloudy Mountains
 48649 | Swamp:4  | Entered Level 4 of the Swamp
 48959 | Swamp:4  | Gained mutation: You have an increased reservoir of magic.
                  | (+10% MP) [mutagenic glow]
 48990 | Swamp:4  | Noticed Donald
 49334 | Swamp:4  | Killed Donald
 49625 | Swamp:4  | Reached XP level 21. HP: 88/165 MP: 26/38
 50341 | Swamp:4  | Got a decaying rune of Zot
 50742 | Vaults:1 | Entered Level 1 of the Vaults
 50772 | Vaults:1 | Identified the Tome of the Farrier
 50826 | Vaults:1 | Learned a level 3 spell: Lesser Beckoning
 51075 | Vaults:1 | Reached skill level 1 in Translocations
 51238 | Vaults:1 | Found a portal to a secret trove of treasure.
 51636 | Vaults:1 | Reached skill level 10 in Unarmed Combat
 51706 | Vaults:1 | Cast into level 3 of the Abyss (a deep elf demonologist)
 51850 | Vaults:1 | Escaped the Abyss
 52280 | Vaults:1 | Identified the ring of Odghekoiz {rF+ Dex+2}
 52311 | Vaults:1 | Reached skill level 5 in Translocations
 53735 | Vaults:2 | Noticed Xtahua
 53737 | Vaults:2 | Paralysed by Xtahua for 6 turns
 53745 | Vaults:2 | Paralysed by Xtahua for 7 turns
 54271 | Vaults:2 | Found a staircase to the Crypt.
 55041 | Vaults:2 | Killed Xtahua
 55911 | Vaults:2 | Reached XP level 22. HP: 132/172 MP: 39/39
 57681 | Vaults:3 | Identified the +10 quarterstaff of Keimupox {elec, rElec
                  | rN++ Str-5 Dex+2}
 58659 | Vaults:4 | Reached skill level 5 in Shields
 59239 | Vaults:4 | Found Xuijuvud's Weapon Emporium.
 59815 | Vaults:4 | Found Xiratzie's Assorted Antiques.
 59815 | Vaults:4 | Found Ommerch's Weapon Boutique.
 59840 | Vaults:4 | Bought a scroll of teleportation for 81 gold pieces
 59840 | Vaults:4 | Bought a scroll of fog for 54 gold pieces
 59918 | Vaults:4 | Found Moviss's Book Boutique.
 60528 | Crypt:1  | Entered Level 1 of the Crypt
 60547 | Crypt:1  | Gained mutation: You are powered by pain. [demonic
                  | ancestry]
 60547 | Crypt:1  | Reached XP level 23. HP: 127/178 MP: 30/41
 60552 | Crypt:1  | Noticed Margery
 60557 | Crypt:1  | Killed from afar by Margery

Illustrated notes

Levels and vault maps discovered:
D:1:      lightli_arrival_quake, layout_basic, chequers_ecumenical_altar_grove
D:2:      layout_basic, st_stairs_12
D:3:      layout_basic, zin_statuary, uniq_jessica
D:4:      layout_rooms, serial_shops, kennysheep_mini, minmay_quadrilaterals
D:5:      layout_cave_pods, serial_shops, nicolae_shop_crystal,
          nicolae_shop_trees, shop, nicolae_shop_waterfront
D:6:      layout_basic, uniq_edmund, uniq_menkaure
D:7:      layout_loops_corners, minmay_temple_entry_ruins, serial_shops,
          shop_statue
D:8:      layout_loops_corners, sigmund_army, uniq_prince_ribbit1
D:9:      layout_cave_pods, ebering_ghost_gozag, hangedman_decor_growths
D:10:     layout_rooms, lair_entry_dummy, enter_bailey_3, uniq_psyche
D:11:     minmay_ornate_pinched, layout_long_grid,
          kennysheep_orc_monster_closet_entryway, serial_co_window_serial,
          co_window_paths_a, co_window_of_opportunity_a, co_window_corner_a,
          co_window_corner_a, co_window_corner_a, co_window_unsneaky_path_a,
          co_window_broadway_c, co_window_paths_c, co_window_unsneaky_path_a,
          co_window_paths_c, glass_columns_c, st_stairs_8
D:12:     layout_cave_pools, corexii_checkpoint_a
D:13:     layout_roguey, grunt_vaults_entry_tiered, uniq_kirke
D:14:     layout_roguey, roderic_serpentine_path, uniq_snorg
D:15:     hangedman_depths_entry_try_elsewhere_first, layout_loops_cross,
          grunt_decor_clamped
Temple:   kilobyte_greek_temple
Lair:1:   layout_cellular_growth, beast_lair_carwin_3
Lair:2:   layout_long_grid, swamp_mist_pool, gauntlet_entry_generic
Lair:3:   statuecave_lemuel, layout_long_grid
Lair:4:   layout_small_grid, guppyfry_snake_entry_island,
          hellmonk_ghost_happy_afterlife, portal_ice_cave_entry_imps,
          infiniplex_staircase_pool
Lair:5:   layout_long_grid, beast_lair_carwin_10
Lair:6:   evilmike_catoblepas_cave, layout_long_grid, slime_altar_2,
          minmay_lair_oklob_items, grunt_megastairs_3
Swamp:1:  layout_basic_swamp, hangedman_swamp_ruin_wall
Swamp:2:  layout_basic_swamp, evilmike_swamp_ruin_house_6, uniq_louise
Swamp:3:  nicolae_swamp_tree_isthmus, layout_basic_swamp,
          gammafunk_ghost_cemetery, nicolae_swamp_bean_lake
Swamp:4:  swamp_alternative, layout_basic_swamp, uniq_donald
Snake:1:  nicolae_snake_crotalidae_crossing, layout_misc_corridors,
          gammafunk_ghost_berserking_beasts, serial_shops,
          nicolae_shop_waterfront, uniq_frances
Snake:2:  layout_concentric_octagons, minmay_shop_star
Snake:3:  layout_misc_corridors, serial_shops, shop_fountains,
          minmay_shop_grove, lemuel_fruit_tree, grunt_megastairs_2
Snake:4:  hellmonk_snake_rune_quicksilver_temple, layout_rooms,
          nicolae_alphabet_shops, grunt_megastairs_1
Orc:1:    layout_caves, gammafunk_ghost_necromancy, minmay_orc_temple_b
Orc:2:    grunt_orc_cross, layout_diamond_mine, nicolae_orc_tapped_out,
          uniq_nessos
Elf:1:    elf_arrival_002, layout_gridlike, hangedman_elf_represent,
          grunt_ministairs_6
Elf:2:    layout_geoelf_grid, serial_shops, shop
Elf:3:    elf_hall, layout_loops_corners, serial_shops, shop
Vaults:1: vaults_standard_mumra_x, st_greater_box_4, v_misc_8,
          hangedman_vaults_restitches, v_misc_25, ontoclasm_vaults_pinch,
          nicolae_vaults_little_squares_2, layout_vaults_big_cross,
          enter_trove_2
Vaults:2: vaults_room_door_hall, ontoclasm_vaults_fault, st_hourglassy,
          v_misc_23, minmay_crypt_entry_simple_walls, v_alt_pattern_4,
          ontoclasm_vaults_ligature, vaults_mumra_hex, v_misc_30,
          layout_vaults_omnigrid, uniq_xtahua
Vaults:3: ontoclasm_vaults_bender, nicolae_vaults_little_squares_6,
          v_alt_pattern_6, ontoclasm_vaults_chip, vaults_room_fancy_cross,
          vaults_dpeg_doors, nicolae_vaults_murderbox,
          nicolae_vaults_stairing_the_circle, vaults_room_door_ring, v_misc_3,
          v_misc_3, v_alt_pattern_5, grunt_vaults_hallway_long,
          nicolae_vaults_angled_halls, nicolae_vaults_asterisk,
          layout_vaults_omnibox
Vaults:4: nicolae_vaults_puzzle_piece, vaults_mumra_hexcomb,
          hangedman_vaults_variations, hangedman_vaults_hard_town_square,
          v_misc_11, ontoclasm_vaults_gateway, ontoclasm_vaults_loading_screen,
          nicolae_vaults_yaktaur_gun_rack, vaults_room_pool, grunt_vaults_focal,
          v_rooms_3, grunt_vaults_diagonal, vaults_dpeg_encased_lava,
          layout_vaults_ring, serial_shops, shop
Crypt:1:  layout_chaotic_city, grunt_ministairs_3, hex_tiny, uniq_margery

Skill      XL: |  1  2  3  4  5  6  7  8  9 10 11 12 13 14 15 16 17 18 19 20 21 22 |
---------------+-------------------------------------------------------------------+-----
Short Blades   | 3 4 5 6 8 |  8.0
Dodging        | 3 5 8 10 11 12 | 12.7
Fighting       | 3 6 9 11 13 14 | 14.2
Evocations     | 2 3 5 7 10 11 | 11.2
Shields        | 3 4 8 |  8.9
Earth Magic    | 4 10 12 13 14 15 | 15.8
Conjurations   | 3 7 9 11 12 | 12.3
Invocations    | 6 7 |  7.9
Armour         | 6 10 11 | 11.2
Spellcasting   | 3 8 10 | 10.2
Hexes          | 5 10 11 | 11.4
Transmutations | 5 8 11 | 11.0
Unarmed Combat | 6 9 11 13 | 13.5
Translocations | 7 9 |  9.3
Throwing       | |  1.7

Action                   |  1- 3 |  4- 6 |  7- 9 | 10-12 | 13-15 | 16-18 | 19-21 | 22-24 || total
-------------------------+-------+-------+-------+-------+-------+-------+-------+-------++-------
Melee: Rapier            |   144 |   114 |       |       |       |       |       |       ||   258
       Quick blade       |       |    74 |   204 |   472 |   909 |   762 |   881 |       ||  3302
       Headbutt          |       |       |    20 |   167 |   354 |   316 |   469 |    92 ||  1418
       Unarmed           |       |       |       |       |       |       |   406 |   300 ||   706
       Punch             |       |       |       |       |       |       |    12 |     1 ||    13
       Kick              |       |       |       |       |       |       |    67 |   150 ||   217
Throw: Throwing net      |       |     3 |     1 |     1 |       |       |       |       ||     5
 Cast: Iron Shot         |       |       |       |       |    88 |   121 |   136 |    21 ||   366
       Invisibility      |       |       |       |       |       |     1 |    29 |     4 ||    34
       Yara's Violent Un |       |       |       |       |       |       |     8 |       ||     8
       Blade Hands       |       |       |       |       |       |       |    25 |     2 ||    27
       Irradiate         |       |       |       |       |       |       |     8 |    10 ||    18
       Statue Form       |       |       |       |       |       |       |    18 |    31 ||    49
       Lesser Beckoning  |       |       |       |       |       |       |    31 |    55 ||    86
Invok: Bend Time         |       |       |     1 |     1 |     4 |       |       |       ||     6
       Slouch            |       |       |       |       |     5 |     8 |     3 |       ||    16
       Temporal Distorti |       |       |       |       |     1 |     2 |       |       ||     3
       Step From Time    |       |       |       |       |       |     2 |       |       ||     2
 Abil: Evoke Berserk Rag |       |       |     2 |       |       |       |       |       ||     2
       Evoke Invisibilit |       |       |     5 |     9 |    11 |    19 |       |       ||    44
Evoke: Wand              |       |       |       |     4 |     2 |     9 |       |       ||    15
       Lightning rod     |       |       |       |       |     8 |    12 |     4 |       ||    24
  Use: Scroll            |       |     2 |     6 |    16 |    10 |     3 |    13 |     5 ||    55
       Potion            |       |       |       |       |     2 |     7 |     8 |     2 ||    19
 Stab: Invisible         |       |       |    11 |    33 |    45 |    50 |    85 |     7 ||   231
       Held in net/web   |       |       |     1 |     2 |       |       |       |       ||     3
       Distracted        |       |       |       |     1 |     2 |       |     1 |       ||     4
       Paralysed         |       |       |       |       |    31 |     8 |    55 |    53 ||   147
       Sleeping          |       |       |       |       |     2 |       |     4 |     2 ||     8
       Confused          |       |       |       |       |       |       |     1 |       ||     1
Armor: Leather armour    |     9 |       |       |       |       |       |       |       ||     9
       Ring mail         |    60 |    50 |    39 |    66 |    54 |       |   110 |     6 ||   385
       Chain mail        |       |       |       |    22 |    51 |   125 |     6 |       ||   204
       Plate armour      |       |       |       |       |       |       |   213 |       ||   213
       Skin              |       |       |       |       |       |       |    66 |    72 ||   138
Dodge: Dodged            |    82 |    98 |    63 |   135 |   326 |   315 |   932 |   289 ||  2240
Block: Other             |       |       |    15 |       |       |       |    48 |       ||    63
       Reflection        |       |       |     2 |    35 |    14 |    33 |    81 |    28 ||   193
       Buckler           |       |       |    12 |   191 |   323 |   243 |   604 |   174 ||  1547

Table legend: (Time is in decaauts)
 A = Elapsed time spent in this place.
 B = Non-inter-level travel time spent in this place.
 C = Inter-level travel time spent in this place.
 D = Time resting spent in this place.
 E = Time spent auto-exploring this place.
 F = Levels seen in this place.
 G = Mean time per level.
                   A        B        C        D        E       F      G
               +--------+--------+--------+--------+--------+-----+--------+
         Total |  82979 |  76620 |   6359 |   7538 |  58441 |  48 | 1728.7 |
       Dungeon |  23140 |  20791 |   2349 |   2415 |  16249 |  15 | 1542.7 |
        Temple |    101 |     52 |     49 |      0 |     40 |   1 |  101.0 |
          Lair |  10783 |   9342 |   1441 |    272 |   7738 |   6 | 1797.2 |
         Swamp |   6660 |   6329 |    331 |    871 |   4712 |   4 | 1665.0 |
     Snake Pit |   8969 |   8601 |    368 |    646 |   6839 |   4 | 2242.2 |
  Orcish Mines |   4160 |   3608 |    552 |    172 |   2971 |   2 | 2080.0 |
   Elven Halls |   8421 |   7896 |    525 |    775 |   5976 |   3 | 2807.0 |
        Vaults |  14850 |  14108 |    742 |   1316 |  10696 |   4 | 3712.5 |
         Crypt |     37 |     37 |      0 |      0 |      0 |   1 |   37.0 |
         Abyss |   3229 |   3229 |      0 |    225 |   1934 |   5 |  645.8 |
        Bailey |    489 |    489 |      0 |    171 |    136 |   1 |  489.0 |
      Ice Cave |   1142 |   1142 |      0 |    517 |    477 |   1 | 1142.0 |
      Gauntlet |    993 |    993 |      0 |    156 |    670 |   1 |  993.0 |
               +--------+--------+--------+--------+--------+-----+--------+

Top non-repeatable levels by time:
Vaults:2: 4512 daAuts
Vaults:1: 3781 daAuts
    D:11: 3473 daAuts
   Elf:3: 3356 daAuts
Vaults:3: 3321 daAuts
Vaults:4: 3235 daAuts
   Elf:1: 2807 daAuts
   Orc:2: 2796 daAuts
 Snake:3: 2788 daAuts
 Snake:4: 2750 daAuts
 Swamp:3: 2619 daAuts
    D:14: 2463 daAuts
    D:13: 2415 daAuts
  Lair:6: 2349 daAuts
   Elf:2: 2257 daAuts
